 Dungeon Crawl Stone Soup version 0.29.0-11-gd7f09526c8 (webtiles) character file.

Game seed: 2097880643090718569

277 RascalDebosk the Shooter (level 6, 0/47 HPs)
             Began as a Demonspawn Hunter on Sept 3, 2022.
             Was an Initiate of Fedhas.
             Slain by Pargi (4 damage)
             ... in a sewer.
             The game lasted 00:30:53 (3096 turns).

RascalDebosk the Shooter (Demonspawn Hunter)        Turns: 3096, Time: 00:30:54

Health: 0/47       AC:  4    Str: 11    XL:     6   Next: 4%
Magic:  9/9        EV: 12    Int: 11    God:    Fedhas [......]
Gold:   158        SH:  0    Dex: 18    Spells: 5/5 levels left

rFire   + . .      SeeInvis .   f - +0 longbow
rCold   . . .      Faith    .   (shield currently unavailable)
rNeg    . . .      Spirit   .   c - +0 leather armour
rPois   .          Reflect  .   (no helmet)
rElec   .          Harm     .   (no cloak)
rCorr   .          Rampage  .   (no gloves)
Will    .....                   e - +0 pair of boots
Stlth   +.........              (no amulet)
HPRegen 0.15/turn               d - ring of protection from fire
MPRegen 0.11/turn               (no ring)

@: very slow
A: demonic magic 2, weakness stinger 1
a: Renounce Religion


You were in a sewer.
You worshipped Fedhas.
Fedhas was noncommittal.
You visited 2 branches of the dungeon, and saw 5 of its levels.
You also visited: Sewer.

You collected 170 gold pieces.
You spent 12 gold pieces at shops.

Inventory:

Hand Weapons
 a - a +0 shortbow
 f - a +0 longbow (weapon)
Armour
 c - a +0 leather armour (worn)
 e - a +0 pair of boots (worn)
Jewellery
 d - a ring of protection from fire (left hand)
 n - a +6 ring of intelligence
 s - the amulet of Zeh Lyal {RegenMP Will+}
   (You found it on level 2 of the Dungeon)

   [amulet of magic regeneration]

   It increases your rate of magic regeneration.
   Will:      It increases your willpower.
Scrolls
 b - 2 scrolls of immolation
 j - a scroll of teleportation {unknown}
 l - 3 scrolls of identify {unknown}
 o - 2 scrolls of enchant armour {unknown}
 r - a scroll of noise {unknown}
 v - 2 scrolls of summoning {unknown}
 x - a scroll of torment {unknown}
Potions
 g - 2 potions of curing {unknown}
 h - a potion of haste {unknown}
 i - 2 potions of magic {unknown}
 k - a potion of brilliance {unknown}
 m - 3 potions of degeneration
 p - 2 potions of berserk rage {unknown}
 q - a potion of invisibility {unknown}
 t - a potion of mutation {unknown}
 u - 2 potions of attraction {unknown}
 w - a potion of might {unknown}


   Skills:
 + Level 3.1 Fighting
 + Level 4.3 Ranged Weapons
 + Level 2.9 Dodging
 + Level 2.3 Stealth
 * Level 4.1 Invocations


You had 5 spell levels left.
You didn't know any spells.
Your spell library contained the following spells:

 Spells                   Type           Power      Damage    Failure   Level
 Scorch                   Fire           0%         2d5       56%         2
 Flame Wave               Conj/Fire      0%         2d4       99%         4
 Summon Cactus Giant      Summ           0%         N/A       100%        6


Dungeon Overview and Level Annotations

Branches:
Dungeon (4/15)             Temple (1/1) D:4           Sewer (1/1)

Altars:
Cheibriados
Dithmenos
Fedhas
Qazlal
Trog
Xom

Shops:
D:2 !

Annotations:
Sewer Pargi


Innate Abilities, Weirdness & Mutations

Spells you cast may paralyse nearby enemies.
You have a small tail.


Message History

Pargi closely misses you.
Fire: f) +0 longbow
Press: ? - help, Q - select action Shift-Dir - straight line, f/p - Pargi
Aim: Pargi (lightly wounded, 55% to hit)
You shoot an arrow. The arrow completely misses Pargi.
Pargi bites you! Pargi claws you but does no damage. Pargi claws you.
Fire: f) +0 longbow
Press: ? - help, Q - select action Shift-Dir - straight line, f/p - Pargi
Aim: Pargi (lightly wounded, 55% to hit)
You shoot an arrow. The arrow barely misses Pargi.
Pargi barely misses you. Pargi claws you.
* * * LOW HITPOINT WARNING * * *
Pargi barely misses you. Pargi closely misses you.
Pargi claws you but does no damage. Pargi misses you.
Fire: f) +0 longbow
Press: ? - help, Q - select action Shift-Dir - straight line, f/p - Pargi
Aim: Pargi (lightly wounded, 55% to hit)
You shoot an arrow.
The arrow hits Pargi but does no damage.
Pargi is lightly wounded.
Pargi closely misses you. Pargi claws you but does no damage. Pargi claws you.
* * * LOW HITPOINT WARNING * * *
Fire: f) +0 longbow
Press: ? - help, Q - select action Shift-Dir - straight line, f/p - Pargi
Aim: Pargi (lightly wounded, 55% to hit)
You shoot an arrow. The arrow closely misses Pargi.
Pargi bites you!
* * * LOW HITPOINT WARNING * * *
Pargi claws you but does no damage. Pargi closely misses you.
Pargi barely misses you. Pargi claws you but does no damage. x2
Fire: f) +0 longbow
Press: ? - help, Q - select action Shift-Dir - straight line, f/p - Pargi
Aim: Pargi (55% to hit)
You shoot an arrow. The arrow hits Pargi.
Pargi is lightly wounded.
Pargi bites you.
* * * LOW HITPOINT WARNING * * *
Pargi claws you but does no damage. Pargi claws you.
You die...
Fedhas appreciates your contribution to the ecosystem.

≈≈≈≈≈≈≈≈~# ##≈≈≈≈≈≈≈.
#≈≈≈≈≈≈≈~. ≈≈≈≈≈≈≈≈.
#≈≈≈≈≈≈.. #≈≈≈≈≈≈~##
#≈≈≈≈≈≈T.# #≈≈≈≈≈≈@.#
##≈≈≈≈≈≈.# #≈≈≈≈≈≈≈~###
#≈≈≈≈≈≈≈≈~~##
##≈≈≈≈≈≈≈≈~.# ####
#≈≈≈≈≈≈≈≈~## ###∩∩###~
#≈≈≈≈≈≈≈≈≈~####.~≈≈..~≈
###≈≈≈≈≈≈≈≈~#..~≈≈≈≈~≈≈
##≈≈≈≈≈≈≈≈.~≈≈≈≈≈≈≈≈≈


You could see Pargi.

Vanquished Creatures
  Sigmund (D:3)
  3 adders
  2 worms (D:2)
  3 dart slugs
  An orc (D:3)
  9 bats
  5 endoplasms
  10 giant cockroaches
  5 goblins
  4 hobgoblins
  4 quokkas
  5 ball pythons
  4 frilled lizards
  6 kobolds
  3 rats
65 creatures vanquished.

Notes
Turn   | Place    | Note
-------+----------+-------------------------------------------
     0 | D:1      | RascalDebosk the Demonspawn Hunter began the quest for the
                  | Orb.
     0 | D:1      | Reached XP level 1. HP: 16/16 MP: 1/1
    37 | D:1      | Reached skill level 1 in Stealth
   358 | D:1      | Gained mutation: Spells you cast may paralyse adjacent
                  | enemies. [demonic ancestry]
   358 | D:1      | Reached XP level 2. HP: 18/22 MP: 2/2
   413 | D:1      | Reached skill level 1 in Invocations
  1091 | D:2      | Gained mutation: Spells you cast may paralyse nearby
                  | enemies. [demonic ancestry]
  1091 | D:2      | Reached XP level 3. HP: 28/28 MP: 2/4
  1631 | D:2      | Identified the amulet of Zeh Lyal {RegenMP Will+}
  1664 | D:2      | Reached XP level 4. HP: 31/34 MP: 5/5
  1697 | D:2      | Found More's Distillery.
  1709 | D:2      | Bought a potion of degeneration for 12 gold pieces
  2117 | D:3      | Identified the +9 hand axe of Irritation {freeze, Fragile
                  | rElec rC+++ rCorr}
  2526 | D:3      | Noticed Sigmund
  2538 | D:3      | Killed Sigmund
  2539 | D:3      | Gained mutation: You have a small tail. [demonic ancestry]
  2539 | D:3      | Reached XP level 5. HP: 20/41 MP: 5/8
  2539 | D:3      | Reached XP level 6. HP: 23/47 MP: 5/9
  2897 | D:3      | Found a faded altar of an unknown god.
  2965 | D:4      | Found a staircase to the Ecumenical Temple.
  2976 | Temple   | Entered the Ecumenical Temple
  3007 | Temple   | Became a worshipper of Fedhas Madash
  3046 | D:4      | Found a glowing drain.
  3071 | Sewer    | Entered a sewer
  3085 | Sewer    | Noticed Pargi
  3096 | Sewer    | Slain by Pargi

Illustrated notes

Levels and vault maps discovered:
D:1:      dpeg_arrival_boxorama, layout_loops_ring,
          ebering_dispersal_statue_hall
D:2:      layout_loops_ring, serial_shops,
          nicolae_shop_temple_entry_statues_fountains, minmay_quantized
D:3:      layout_basic, nicolae_elyvilon_peaceful_grove,
          nicolae_ecumenical_oubliette, uniq_sigmund
D:4:      layout_loops_ring, minmay_temple_entry_purple_smoke,
          gammafunk_ghost_split, portal_sewer_entry_f, nicolae_shop_self_help
Temple:   nicolae_temple_little_seven
Sewer:    sewer_co_pargi_island

Skill      XL: |  1  2  3  4 |
---------------+-------------+-----
Stealth        | 1 2 |  2.3
Dodging        | 2 |  2.9
Invocations    | 1 4 |  4.1
Ranged Weapons | 4 |  4.3
Fighting       | 3 |  3.1

Action                   |  1- 3 |  4- 6 || total
-------------------------+-------+-------++-------
 Fire: Longbow           |   107 |    88 ||   195
       Shortbow          |    12 |       ||    12
Armor: Leather armour    |    26 |    25 ||    51
Dodge: Dodged            |    73 |    46 ||   119
